 Dungeon Crawl Stone Soup version 0.27.1-34-g3ba077fa99 (webtiles) character file.

Game seed: 14442719963101923904

501 cbfl8 the Skirmisher (level 6, 0/56 HPs)
             Began as a Minotaur Wanderer on Jan 18, 2022.
             Was an Initiate of Yredelemnul.
             Slain by a gnoll (6 damage)
             ... on level 4 of the Dungeon.
             The game lasted 00:12:18 (3831 turns).

cbfl8 the Skirmisher (Minotaur Wanderer)            Turns: 3831, Time: 00:12:18

Health: 0/56       AC:  6    Str: 20    XL:     6   Next: 95%
Magic:  15/15      EV: 12    Int: 11    God:    Yredelemnul [......]
Gold:   1372       SH:  0    Dex: 10    Spells: 6/7 levels left

rFire    . . .     SeeInvis +   r - +2 mace (drain)
rCold    . . .     Faith    .   (no shield)
rNeg     . . .     Spirit   .   k - +3 leather armour
rPois    .         Reflect  .   (helmet restricted)
rElec    .         Harm     .   (no cloak)
rCorr    +         Rampage  .   (no gloves)
Will     .....                  (no boots)
Stlth    +.........             h - amulet of Caat {Regen+ rCorr Str+4}
HPRegen  1.18/turn              l - ring of magical power
MPRegen  0.14/turn              v - ring of see invisible

@: hasted, very quick
A: horns 2, retaliatory headbutt
a: Renounce Religion


You were on level 4 of the Dungeon.
You worshipped Yredelemnul.
Yredelemnul was noncommittal.
You visited 2 branches of the dungeon, and saw 5 of its levels.

You collected 1372 gold pieces.

Inventory:

Hand Weapons
 a - a +1 hand axe
 r - a +2 mace of draining (weapon)
 t - a +2 scimitar of holy wrath
Armour
 c - a +0 robe
 k - a +3 leather armour (worn)
 o - a +2 animal skin
Jewellery
 h - the amulet of Caat (around neck) {Regen+ rCorr Str+4}
   (You acquired it on level 2 of the Dungeon)

   [amulet of regeneration]

   Str:       It affects your strength (+4).
   Regen:     It increases your rate of health regeneration.
   rCorr:     It protects you from acid and corrosion.
 l - a ring of magical power (left hand)
 v - a ring of see invisible (right hand)
Wands
 b - a wand of flame (15)
Scrolls
 e - 2 scrolls of identify
 m - a scroll of enchant weapon
 s - a scroll of holy word
Potions
 i - 2 potions of curing
 p - a potion of magic


   Skills:
 + Level 5.4 Fighting
 + Level 4.6(5.0) Axes
 + Level 2.8(4.1) Maces & Flails
 + Level 3.1 Armour
 + Level 3.2 Dodging
 + Level 0.4 Stealth
 + Level 1.0 Spellcasting
 + Level 1.8 Conjurations
 + Level 2.0 Evocations


You had 6 spell levels left.
You knew the following spells:

 Your Spells              Type           Power      Damage    Failure   Level
a - Foxfire               Conj/Fire      8%         2x1d4     26%         1

Your spell library contained the following spells:

 Spells                   Type           Power      Damage    Failure   Level
 Mephitic Cloud           Conj/Pois/Air  1%         N/A       65%         3


Dungeon Overview and Level Annotations

Branches:
Dungeon (4/15)             Temple (1/1) D:4

Altars:
Cheibriados
Dithmenos
Elyvilon
Gozag
Kikubaaqudgha
Nemelex Xobeh
Qazlal
Uskayaw
Vehumet
Wu Jian
Xom
Yredelemnul
Zin

Shops:
D:1 ?


Innate Abilities, Weirdness & Mutations

You have a pair of horns on your head.
You reflexively headbutt those who attack you in melee.


Message History

You feel magically purged.
You feel less invigorated.
You feel less confused.
You feel your willpower return. The gnoll misses you.
The orc warrior hits your ufetubus with a +0 long sword!
Your ufetubus dies!
Your ufetubus dissolves into shadows!
The orc hits you but does no damage. The gnoll hits you but does no damage.
The gnoll shaman hits you with a +0 club.
Your black bear bites the gnoll!
Your black bear claws the gnoll.
The gnoll dies!
Yredelemnul accepts your kill.
It was a potion of haste.
You feel yourself speed up. The gnoll barely misses you.
The orc hits you but does no damage. The gnoll shaman barely misses you.
It was a potion of magic.
Magic courses through your body.
The gnoll hits you from afar with a +0 halberd!
The orc hits you but does no damage.
The orc warrior hits you with a +0 long sword!
The gnoll shaman hits you with a +0 club.
Your black bear closely misses the gnoll.
Your black bear claws the gnoll. x2; The gnoll hits you with a +0 halberd.
* * * LOW HITPOINT WARNING * * *
You see here a +0 flail.
The gnoll shaman hits you with a +0 club!
* * * LOW HITPOINT WARNING * * *
The orc priest looks encouraged for a moment.
Your black bear closely misses the gnoll.
Your black bear claws the gnoll.
Your black bear completely misses the gnoll.
The gnoll hits your black bear with a +0 halberd!
Something barely misses your black bear.
The gnoll hits something with a +0 halberd!
The gnoll shaman calls upon its god to speed up something.
The orc priest calls down the wrath of Beogh upon you.
Beogh smites you!
* * * LOW HITPOINT WARNING * * *
The gnoll barely misses you.
The gnoll hits you from afar with a +0 halberd.
You die...
Your body rises from the dead as a mindless zombie.

###§.o##......#....#
#.###§o.##....#.#.#..#
...............###....
.........o..#...#...#.
#########o...#.....#..
#.......g#####.>.####
#.....g.....#.....#..
#.....o...÷#...#...#.
#####...@.....[)..###....
#.........#####).#.#.#...
+.....>...#........#...#.
#.........#<.......#..##.
#.........#..[...........
#.........#.......#...###
#.........#.......##.##
##...........####### .#
#....########...>..# #


You could see an orc warrior (weak-willed), a gnoll shaman (weak-willed), a
gnoll (fast, weak-willed) and 2 orcs.

Vanquished Creatures
  Blork the orc (D:4)
  A howler monkey (D:4)
  An orc priest (D:3)
  A jelly (D:4)
  An iguana (D:4)
  Natasha (twice) (D:4)
  2 orc wizards (D:3)
  A hound skeleton (D:2)
  Robin (D:2)
  3 gnolls (D:3)
  5 adders
  A worm (D:2)
  2 dart slugs (D:1)
  7 orcs
  5 bats
  9 endoplasms
  3 giant cockroaches
  12 goblins
  8 hobgoblins
  4 quokkas
  6 ball pythons
  A frilled lizard (D:2)
  4 kobolds
  2 rats
83 creatures vanquished.

Vanquished Creatures (collateral kills)
  3 gnolls (D:4)
  An orc (D:4)
4 creatures vanquished.

Vanquished Creatures (others)
  A plant (Temple)
1 creature vanquished.

Grand Total: 88 creatures vanquished

Notes
Turn   | Place    | Note
-------+----------+-------------------------------------------
     0 | D:1      | cbfl8 the Minotaur Wanderer began the quest for the Orb.
     0 | D:1      | cbfl8 set off with the following items: a +0 hand axe, a
                  | wand of flame (15), a +0 robe; and the following spell
                  | memorised: Foxfire; and the following spells available to
                  | memorise: Mephitic Cloud
     0 | D:1      | Reached XP level 1. HP: 19/19 MP: 1/1
     2 | D:1      | Noticed a ghoul
     6 | D:1      | Noticed a naga
     8 | D:1      | Noticed a merfolk
     8 | D:1      | Noticed a demonspawn
    10 | D:1      | Noticed a vampire
    10 | D:1      | Noticed a formicid
    12 | D:1      | Noticed a barachi
    12 | D:1      | Noticed a gargoyle
    14 | D:1      | Noticed a felid
    14 | D:1      | Noticed an octopode
    16 | D:1      | Noticed a demigod
    16 | D:1      | Noticed a troll
    18 | D:1      | Noticed an elf
    20 | D:1      | Noticed a dwarf
    20 | D:1      | Noticed an ogre
    22 | D:1      | Noticed a spriggan
    24 | D:1      | Noticed a minotaur
    24 | D:1      | Noticed a vine stalker
    26 | D:1      | Noticed a human
    26 | D:1      | Noticed a djinni
    28 | D:1      | Noticed a draconian
    28 | D:1      | Noticed a palentonga
    30 | D:1      | Noticed a tengu
   211 | D:1      | Found Numm's Magic Scroll Emporium.
   387 | D:1      | Reached skill level 4 in Fighting
   429 | D:1      | Reached XP level 2. HP: 27/27 MP: 2/2
   865 | D:1      | Found a faded altar of an unknown god.
  1044 | D:2      | Reached XP level 3. HP: 25/33 MP: 3/3
  1316 | D:2      | Noticed Robin
  1320 | D:2      | Identified 2 scrolls of acquirement
  1320 | D:2      | Acquired 1184 gold pieces
  1573 | D:2      | Acquired the amulet of Caat {Regen+ rCorr Str+4}
  1752 | D:2      | Reached XP level 4. HP: 39/41 MP: 4/4
  1757 | D:2      | Killed Robin
  1758 | D:2      | Reached skill level 1 in Dodging
  2045 | D:2      | Reached skill level 1 in Armour
  2354 | D:3      | Found an ancient bone altar of Kikubaaqudgha.
  2512 | D:3      | Found a sparkling altar of Nemelex Xobeh.
  2570 | D:3      | Noticed a water elemental
  2577 | D:3      | Found a stormy altar of Qazlal.
  2579 | D:3      | Noticed an earth elemental
  2580 | D:3      | Noticed an air elemental
  2580 | D:3      | Noticed a fire elemental
  2706 | D:3      | Reached XP level 5. HP: 44/44 MP: 5/5
  3012 | D:3      | Reached skill level 1 in Maces & Flails
  3172 | D:4      | Noticed Natasha
  3173 | D:4      | Found a staircase to the Ecumenical Temple.
  3177 | D:4      | Killed Natasha
  3178 | D:4      | Reached XP level 6. HP: 55/55 MP: 6/6
  3218 | D:4      | Reached skill level 5 in Fighting
  3222 | D:4      | Noticed Blork the orc
  3281 | D:4      | Killed Blork the orc
  3365 | D:4      | Noticed Natasha
  3377 | D:4      | Killed Natasha
  3406 | Temple   | Entered the Ecumenical Temple
  3692 | Temple   | Became a worshipper of Yredelemnul the Dark
  3794 | D:4      | Noticed an orc warrior
  3824 | D:4      | HP: 1/56 [orc priest/divine providence (15)]
  3831 | D:4      | Slain by a gnoll

Illustrated notes

Levels and vault maps discovered:
D:1:      kb_arrival_jail, layout_loops_ring, ebering_ecumenical_altar_box,
          serial_shops, nicolae_shop_behind_doors, hangedman_decor_points,
          minmay_pentomino_r4
D:2:      layout_loops_ring, serial_glass, glass_columns_a, glass_columns_a,
          glass_columns_c, glass_columns_a, glass_columns_b, uniq_robin
D:3:      layout_rooms, mainiacjoe_overflow_small_starburst,
          general_overflow_altar, nicolae_qazlal_style_of_elements
D:4:      layout_gridville, mainiacjoe_overflow_surrounded_room,
          minmay_temple_entry_arrows, serial_shops,
          nicolae_shop_window_shopping, uniq_natasha, uniq_blork_the_orc
Temple:   jpeg_temple_alley_garden

Skill      XL: |  1  2  3  4  5  6 |
---------------+-------------------+-----
Fighting       | 4 5 |  5.4
Evocations     | 2 |  2.0
Axes           | 3 4 |  4.6
Dodging        | 2 3 |  3.2
Armour         | 1 2 3 |  3.1
Maces & Flails | 1 2 |  2.8
Stealth        | |  0.4
Spellcasting   | |  1.0
Conjurations   | |  1.8

Action                   |  1- 3 |  4- 6 || total
-------------------------+-------+-------++-------
Melee: Hand axe          |    69 |    41 ||   110
       Headbutt          |     5 |    12 ||    17
       Mace              |       |    70 ||    70
       Scimitar          |       |    11 ||    11
  Use: Scroll            |     6 |     6 ||    12
       Potion            |     2 |     6 ||     8
Armor: Robe              |     3 |       ||     3
       Leather armour    |    38 |    68 ||   106
Dodge: Dodged            |    64 |   104 ||   168
       Rpst.: Scimitar   |       |     1 ||     1
